 Dungeon Crawl Stone Soup version 0.30-a0-56-ge6a4009bfd (webtiles) character file.

Game seed: 16737759771626075179

8574 porpoise the Spear-Bearer (level 10, 0/79 HPs)
             Began as a Demonspawn Gladiator on Sept 11, 2022.
             Was a High Priest of Ru.
             Killed from afar by Fannar (21 damage)
             ... with a bolt of cold
             ... on level 10 of the Dungeon.
             The game lasted 00:45:23 (10291 turns).

porpoise the Spear-Bearer (Demonspawn Gladiator)   Turns: 10291, Time: 00:45:24

Health: 0/79       AC: 16    Str: 19    XL:     10   Next: 11%
Magic:  10/10      EV: 13    Int: 10    God:    Ru [*****.]
Gold:   549        SH:  0    Dex: 16    Spells: 4/9 levels left

rFire   x . .      SeeInvis .    a - +1 trident (flame)
rCold   . . .      Faith    .    (no shield)
rNeg    . . .      Spirit   .    G - +5 ring mail "Kixihoir" {Contam Rampage rElec rC+}
rPois   .          Reflect  .    c - +1 helmet
rElec   +          Harm     .    d - +2 cloak {Stlth+}
rCorr   .          Rampage  +    (no gloves)
Will    .....                    (no boots)
Stlth   +++.......               (no amulet)
HPRegen 0.23/turn                x - ring of flight
MPRegen 0.12/turn                (no ring)

@: flying, slowed, very slow
A: thin skeletal structure 1, ignite blood 2, hated by all, inexperienced 1,
temperature sensitive, demonic magic 1, demonic touch 2
a: Renounce Religion, Draw Out Power, Power Leap, Apocalypse


You were on level 10 of the Dungeon.
You worshipped Ru.
Ru was extremely pleased with you.
You visited 1 branch of the dungeon, and saw 10 of its levels.

You collected 573 gold pieces.
You spent 24 gold pieces at shops.

Inventory:

Hand Weapons
 a - a +1 trident of flaming (weapon)
 R - a +1 trident
Missiles
 e - 3 javelins (quivered)
 I - 3 boomerangs of dispersal
 O - 9 poisoned darts
Armour
 c - a +1 helmet (worn)
 d - a +2 cloak of stealth (worn)
 m - a +0 leather armour of poison resistance
 r - a scarf of harm
 w - an orb of guile
 y - a +2 tower shield
 G - the +5 ring mail "Kixihoir" (worn) {Contam Rampage rElec rC+}
   (You found it on level 4 of the Dungeon)

   rC:        It protects you from cold.
   rElec:     It insulates you from electricity.
   Contam:    It causes magical contamination when unequipped.
   Rampage:   It bestows one free step when moving towards enemies.
Magical Staves
 C - a staff of cold
 D - a staff of conjuration
 J - a staff of air
Jewellery
 b - an amulet of magic regeneration
 l - a ring of fire
 x - a ring of flight (left hand)
Wands
 s - a wand of charming (7)
 B - a wand of flame (16)
 E - a wand of acid (6)
 Q - a wand of digging (5)
Scrolls
 h - a scroll of enchant weapon
 i - a scroll of silence
 j - 4 scrolls of teleportation
 n - 2 scrolls of poison
 p - 2 scrolls of torment
 K - 2 scrolls of noise
 L - a scroll of amnesia
 P - a scroll of vulnerability
Potions
 f - 5 potions of heal wounds
 g - 3 potions of brilliance
 k - 4 potions of curing
 o - 2 potions of ambrosia
 q - 2 potions of flight
 t - 2 potions of haste
 u - 2 potions of attraction
 v - 2 potions of magic
 z - 3 potions of invisibility
 A - 3 potions of mutation
 F - a potion of cancellation
 H - a potion of degeneration {unknown}
 M - a potion of resistance
 N - 2 potions of lignification


   Skills:
 - Level 7.0 Fighting
 * Level 12.9 Polearms
 - Level 1.7 Throwing
 - Level 5.0 Armour
 + Level 4.6 Dodging
 + Level 3.9 Evocations


You had 4 spell levels left.
You knew the following spells:

 Your Spells              Type           Power      Damage    Failure   Level
r - Frozen Ramparts       Ice            0%         1d1       88%         3
w - Wereblood             Tmut           0%         N/A       67%         2

Your spell library contained the following spells:

 Spells                   Type           Power      Damage    Failure   Level
 Apportation              Tloc           0%         N/A       54%         1
 Foxfire                  Conj/Fire      0%         2x1d4     54%         1
 Freeze                   Ice            0%         1d3       54%         1
 Magic Dart               Conj           0%         1d3       54%         1
 Searing Ray              Conj           0%         2d4       67%         2
 Sublimation of Blood     Necr           0%         N/A       67%         2
 Conjure Flame            Conj/Fire      0%         6-21      88%         3
 Ignite Poison            Fire/Tmut/Pois 0%         N/A       88%         3
 Inner Flame              Hex/Fire       0%         N/A       88%         3
 Mephitic Cloud           Conj/Pois/Air  0%         N/A       88%         3
 Flame Wave               Conj/Fire      0%         2d4       99%         4
 Fulminant Prism          Conj/Hex       0%         3d6       99%         4
 Hailstorm                Conj/Ice       0%         3d3       99%         4
 Alistair's Intoxication  Tmut/Pois      0%         N/A       100%        5
 Freezing Cloud           Conj/Ice/Air   0%         6-21      100%        5
 Summon Hydra             Summ           Unusable   N/A       N/A         7

Dungeon Overview and Level Annotations

Branches:
Dungeon (10/15)            Temple (0/1) D:7            Lair (0/5) D:8
    Orc: D:9-12

Altars:
Cheibriados
Gozag
Qazlal
Ru
Trog

Shops:
D:2 :   D:5 [   D:9 *

Annotations:
D:10 Fannar


Innate Abilities, Weirdness & Mutations

You have a somewhat thin skeletal structure. (Dex +2, Stealth+)
Your demonic aura often causes spilled blood to erupt in flames.
You are hated by all.
You are somewhat inexperienced. (-1 XL)
You are sensitive to extremes of temperature. (rF-, rC-)
Spells you cast may paralyse adjacent enemies.
Your touch may inflict irresistible damage on your foes.


Message History

You barely miss the wraith.
The wraith is heavily damaged.
The wraith closely misses you.
You puncture the wraith! You burn the wraith.
The wraith is almost destroyed.
You completely miss the wraith.
The wraith is almost destroyed.
The wraith barely misses you.
You closely miss the wraith.
The wraith is almost destroyed.
The wraith hits you! The wraith drains your vigour!
You feel yourself slow down.
You puncture the wraith! You burn the wraith.
You destroy the wraith!
You start resting.
Fannar is nearby!
Throw: 4 javelins
Press: ? - help, Q - select action, (/) - cycle Shift-Dir - straight line, f - Fannar
Aim: Fannar, wielding a staff of cold and wearing a +2 robe of cold resistance (severely wounded, 46% to hit)
You throw a javelin. The javelin barely misses Fannar.
Unknown command.
You are too injured to fight recklessly!
You barely miss Fannar.
Fannar is severely wounded.
Fannar hits you but does no damage. Fannar freezes you.
You hit Fannar but do no damage.
Fannar is severely wounded.
Fannar hits you but does no damage. Fannar freezes you!
* * * LOW HITPOINT WARNING * * *
You barely miss Fannar.
Fannar is severely wounded.
Fannar barely misses you.
You miss Fannar.
Fannar is severely wounded.
Fannar is stunned by your conviction and fails to attack.
You hit Fannar. You burn Fannar.
Fannar is almost dead.
Fannar gestures at you while chanting. The bolt of cold hits you!!
You die...

#..# #..#
###..# ....#
...# #..#
#(.#
#.)######..#
#))e@....(..
#..)........
#..#########
#..# ....#
<....#
####... #...


You could see Fannar.

Vanquished Creatures
  A centaur warrior (D:8)
  The ghost of Jeffwins the Chucker, a novice HuWn of Vehumet (D:6)
  Pikel (D:7)
  Joseph (D:7)
  An elephant (D:8)
  Maurice (D:8)
  Psyche (D:8)
  A slime creature (D:8)
  2 hornets
  Prince Ribbit (D:7)
  A wraith (D:10)
  2 wyverns (D:8)
  2 yaks (D:8)
  Eustachio (D:5)
  A basilisk (D:8)
  A steam dragon (D:8)
  Grum (D:9)
  A water moccasin (D:7)
  An orc warrior (D:10)
  2 black bears
  2 ice beasts
  3 centaurs
  4 wolves (D:9)
  2 lemures (D:7)
  A phantom (D:6)
  A gnoll sergeant (D:9)
  A scorpion (D:7)
  4 bullfrogs
  10 wights
  8 killer bees
  Dowan (D:6)
  A jelly (D:6)
  2 orc priests
  3 hounds
  Crazy Yiuf (D:3)
  3 gnoll boudas
  Jessica (D:3)
  Terence (D:3)
  2 iguanas
  8 orc wizards
  Robin (D:3)
  23 gnolls
  6 adders
  A shadow imp (D:7)
  3 white imps (D:6)
  3 ufetubi
  2 worms
  23 orcs
  5 endoplasms
  2 giant cockroaches (D:1)
  22 goblins
  10 hobgoblins
  6 jackals (D:3)
  6 quokkas
  5 ball pythons
  3 bats
  2 frilled lizards (D:2)
  7 kobolds
  7 rats
220 creatures vanquished.

Vanquished Creatures (collateral kills)
  Duvessa (D:6)
1 creature vanquished.

Vanquished Creatures (others)
  A komodo dragon (D:8)
  4 toadstools (D:1)
5 creatures vanquished.

Grand Total: 226 creatures vanquished

Notes
Turn   | Place    | Note
-------+----------+-------------------------------------------
     0 | D:1      | porpoise the Demonspawn Gladiator began the quest for the
                  | Orb.
     0 | D:1      | Reached XP level 1. HP: 16/16 MP: 1/1
   220 | D:1      | Reached skill level 3 in Polearms
   306 | D:1      | Gained mutation: Your touch may inflict minor irresistible
                  | damage on your foes. [demonic ancestry]
   306 | D:1      | Reached XP level 2. HP: 22/22 MP: 2/2
  1218 | D:2      | Found Otta's Vocational Training.
  1254 | D:2      | Found a sacrificial altar of Ru.
  1260 | D:2      | Became a worshipper of Ru the Awakened
  1470 | D:2      | Gained mutation: Your touch may inflict irresistible damage
                  | on your foes. [demonic ancestry]
  1470 | D:2      | Reached XP level 3. HP: 25/28 MP: 3/3
  1540 | D:2      | You fall into a shaft and drop 1 floor!
  1560 | D:3      | Found a faded altar of an unknown god.
  1735 | D:3      | Noticed Robin
  1742 | D:3      | Killed Robin
  1778 | D:3      | Reached skill level 4 in Polearms
  1786 | D:3      | Reached XP level 4. HP: 12/34 MP: 4/4
  2274 | D:2      | Gained mutation: You are somewhat inexperienced. (-1 XL)
                  | [Ru sacrifice]
  2274 | D:2      | Reached XP level 3. HP: 28/28 MP: 3/3
  2274 | D:2      | Reached * piety under Ru
  2274 | D:2      | Reached ** piety under Ru
  2610 | D:3      | Noticed Jessica
  2614 | D:3      | Killed Jessica
  2643 | D:3      | Noticed Terence
  2655 | D:3      | Killed Terence
  2932 | D:3      | Reached XP level 4. HP: 35/35 MP: 4/4
  2983 | D:3      | Found an opulent altar of Gozag.
  3072 | D:3      | Found a runed translucent door.
  3073 | D:3      | Noticed Crazy Yiuf
  3092 | D:3      | Killed Crazy Yiuf
  3596 | D:4      | Reached skill level 5 in Polearms
  3737 | D:4      | Identified the +5 ring mail "Kixihoir" {Contam Rampage
                  | rElec rC+}
  3903 | D:4      | Found a blossoming altar of Fedhas.
  3903 | D:4      | Found a bloodstained altar of Trog.
  3904 | D:4      | Found a sacrificial altar of Ru.
  3904 | D:4      | Found a snail-covered altar of Cheibriados.
  3913 | D:4      | Gained mutation: Your demonic aura sometimes causes spilled
                  | blood to erupt in flames. [demonic ancestry]
  3913 | D:4      | Reached XP level 5. HP: 35/42 MP: 5/5
  4010 | D:5      | Entered Level 5 of the Dungeon
  4519 | D:5      | Found a hazy altar of Hepliaklqana.
  4628 | D:5      | Found Paesaps's Antique Armour Shoppe.
  4707 | D:5      | Reached skill level 6 in Polearms
  4824 | D:5      | Found a stormy altar of Qazlal.
  4938 | D:5      | Noticed Eustachio
  4944 | D:5      | Killed Eustachio
  4945 | D:5      | Reached XP level 6. HP: 50/50 MP: 6/6
  5175 | D:6      | Gained mutation: You are sensitive to extremes of
                  | temperature. (rF-, rC-) [Ru sacrifice]
  5175 | D:6      | Reached *** piety under Ru
  5175 | D:6      | Reached **** piety under Ru
  5242 | D:6      | Reached skill level 5 in Fighting
  5335 | D:6      | Reached skill level 7 in Polearms
  5488 | D:6      | Reached XP level 7. HP: 53/57 MP: 7/7
  5516 | D:6      | Noticed Duvessa
  5516 | D:6      | Noticed Dowan
  5528 | D:6      | Killed Duvessa
  5564 | D:6      | Killed Dowan
  5604 | D:6      | Reached skill level 8 in Polearms
  6126 | D:6      | Found a runed translucent door.
  6126 | D:6      | Noticed Jeffwins's ghost (novice HuWn)
  6144 | D:6      | Killed Jeffwins's ghost
  6145 | D:6      | Reached skill level 9 in Polearms
  6517 | D:7      | Gained mutation: You have a somewhat thin skeletal
                  | structure. (Dex +2, Stealth+) [demonic ancestry]
  6517 | D:7      | Reached XP level 8. HP: 50/67 MP: 8/8
  6773 | D:7      | Reached skill level 1 in Armour
  7163 | D:7      | Noticed Prince Ribbit
  7191 | D:7      | Killed Prince Ribbit
  7192 | D:7      | Reached skill level 10 in Polearms
  7217 | D:7      | Noticed Joseph
  7229 | D:7      | Killed Joseph
  7689 | D:7      | Noticed Pikel
  7715 | D:7      | Killed Pikel
  7716 | D:7      | Reached skill level 11 in Polearms
  7910 | D:7      | Gained mutation: Your demonic aura often causes spilled
                  | blood to erupt in flames. [demonic ancestry]
  7910 | D:7      | Reached XP level 9. HP: 67/72 MP: 9/9
  8084 | D:7      | Found a staircase to the Ecumenical Temple.
  8245 | D:8      | Noticed Maurice
  8251 | D:8      | Killed Maurice
  8378 | D:8      | Noticed a centaur warrior
  8383 | D:8      | Killed a centaur warrior
  8384 | D:8      | Reached skill level 5 in Armour
  8481 | D:8      | Reached skill level 12 in Polearms
  8481 | D:8      | Reached skill level 1 in Evocations
  8643 | D:8      | Found a staircase to the Lair.
  8643 | D:8      | Noticed an elephant
  8661 | D:8      | Killed an elephant
  8873 | D:8      | Noticed Psyche
  8876 | D:8      | Killed Psyche
  8895 | D:8      | Gained mutation: You are hated by all. [Ru sacrifice]
  8895 | D:8      | Reached ***** piety under Ru
  9933 | D:9      | Noticed Grum
  9937 | D:9      | Killed Grum
  9938 | D:9      | Gained mutation: Spells you cast may paralyse adjacent
                  | enemies. [demonic ancestry]
  9938 | D:9      | Reached XP level 10. HP: 77/79 MP: 10/10
  9961 | D:9      | Learned a level 2 spell: Wereblood
  9965 | D:9      | Learned a level 3 spell: Frozen Ramparts
 10088 | D:9      | Found Yniades's Assorted Antiques.
 10096 | D:9      | Bought a scroll labelled OKA POKHYVETHO for 24 gold pieces
 10256 | D:10     | Entered Level 10 of the Dungeon
 10262 | D:10     | Noticed Fannar
 10291 | D:10     | Killed from afar by Fannar

Illustrated notes

Levels and vault maps discovered:
D:1:      ldierk_walled_garden_2, layout_basic
D:2:      layout_basic, basic_altar, nicolae_shop_vocational
D:3:      layout_basic, mainiacjoe_overflow_chevrons,
          shapermc_ecumenical_altar_mp_urbaneastern, minmay_pentomino_pile,
          uniq_robin, uniq_terence, uniq_crazy_yiuf_cottage, uniq_jessica
D:4:      layout_cave_pools, mainiacjoe_overflow_alcove_3
D:5:      layout_cave_pools, mainiacjoe_overflow_alcove_1,
          nicolae_qazlal_general_emergency, serial_shops, kennysheep_mini,
          minmay_misc_feat_diagonals, hangedman_decor_growths,
          hangedman_decor_slide_cut, uniq_eustachio
D:6:      layout_gridville, gammafunk_ghost_grave, uniq_duvessa
D:7:      layout_loops_ring, minmay_temple_entry_from_below_b, enter_bailey_1,
          nicolae_eternal_life, nicolae_benzene_ring, reono_crystal_passage,
          uniq_joseph, uniq_prince_ribbit1, uniq_pikel
D:8:      layout_loops_ring, david_lair_generic, hangedman_minor_gate_pass,
          uniq_maurice, uniq_psyche
D:9:      layout_rooms, serial_shops, shop, uniq_grum
D:10:     layout_small_grid, orc_0_dummy, uniq_lodul, uniq_fannar

Skill      XL: |  1  2  3  4  5  6  7  8  9 |
---------------+----------------------------+-----
Polearms       | 3 4 5 6 7 9 11 12 | 12.9
Fighting       | 3 4 5 7 |  7.0
Armour         | 4 5 |  5.0
Dodging        | 4 |  4.6
Evocations     | 3 |  3.9
Throwing       | |  1.7

Action                   |  1- 3 |  4- 6 |  7- 9 | 10-12 || total
-------------------------+-------+-------+-------+-------++-------
Melee: Trident           |   193 |   186 |   295 |    48 ||   722
       Touch             |    16 |    26 |    56 |     3 ||   101
       Punch             |     2 |     1 |     1 |     1 ||     5
Throw: Throwing net      |       |     3 |       |       ||     3
       Javelin           |       |     6 |    17 |     3 ||    26
       Dart              |       |       |     3 |       ||     3
Invok: Sacrifice Experie |     1 |       |       |       ||     1
       Sacrifice Resista |       |     1 |       |       ||     1
       Power Leap        |       |       |     1 |       ||     1
       Sacrifice Love    |       |       |     1 |       ||     1
Evoke: Wand              |       |       |    14 |       ||    14
  Use: Potion            |     1 |       |       |       ||     1
       Scroll            |       |    21 |     5 |     1 ||    27
 Stab: Sleeping          |     2 |     4 |     2 |       ||     8
       Held in net/web   |       |     1 |       |       ||     1
       Distracted        |       |     1 |     1 |       ||     2
       Invisible         |       |       |       |     1 ||     1
Armor: Leather armour    |    12 |       |       |       ||    12
       Ring mail         |    39 |    81 |   104 |     7 ||   231
Dodge: Dodged            |    83 |    70 |   110 |    11 ||   274

Table legend: (Time is in decaauts)
 A = Elapsed time spent in this place.
 B = Non-inter-level travel time spent in this place.
 C = Inter-level travel time spent in this place.
 D = Time resting spent in this place.
 E = Time spent auto-exploring this place.
 F = Levels seen in this place.
 G = Mean time per level.
                   A        B        C        D        E       F      G
               +--------+--------+--------+--------+--------+-----+--------+
         Total |  10224 |   9952 |    272 |   2802 |   5415 |  10 | 1022.4 |
       Dungeon |  10224 |   9952 |    272 |   2802 |   5415 |  10 | 1022.4 |
               +--------+--------+--------+--------+--------+-----+--------+

Top non-repeatable levels by time:
     D:7: 1828 daAuts
     D:3: 1439 daAuts
     D:8: 1407 daAuts
     D:6: 1234 daAuts
     D:5: 1101 daAuts
     D:2: 966 daAuts
     D:1: 950 daAuts
     D:4: 678 daAuts
     D:9: 588 daAuts
    D:10: 30 daAuts
